 Dungeon Crawl Stone Soup version 0.31-a0-1300-gb6740aa4e6 (webtiles) character file.

Game seed: 4890312675196726329

2118 greenreed the Fighter (level 9, -19/74 HPs)
             Began as a Formicid Fighter on Dec 18, 2023.
             Was an Initiate of Nemelex Xobeh.
             Demolished by an ogre zombie
             ... wielding a +0 giant club of venom
              (26 damage)
             ... on level 6 of the Dungeon.
             The game lasted 00:10:44 (5055 turns).

greenreed the Fighter (Formicid Fighter)            Turns: 5055, Time: 00:10:45

Health: -19/74     AC: 15    Str: 25    XL:     9   Next: 54%
Magic:  11/11      EV:  8    Int:  8    God:    Nemelex Xobeh [......]
Gold:   437        SH:  6    Dex: 13    Spells: 8/8 levels left

rFire   . . .        m - +5 dire flail (freeze)
rCold   . . .        c - +0 buckler
rNeg    + . .        p - +0 chain mail
rPois   .            (helmet unavailable)
rElec   +            (no cloak)
rCorr   .            D - +0 pair of gloves of Distant Worlds {rElec rN+}
SInv    +            (no boots)
Will    .....        (no amulet) Stlth
                     h - ring of flight
HPRegen 0.32/turn    A - +4 ring of protection
MPRegen 0.12/turn

%: no passive effects
@: mighty, lethally poisoned (-19 -> -35), flying
A: permanent stasis, dig shafts and tunnels, antennae 3, four strong arms
a: Dig, Shaft Self, Renounce Religion, Draw Escape, Draw Destruction, Draw
Summoning


You were on level 6 of the Dungeon.
You worshipped Nemelex Xobeh.
Nemelex Xobeh was noncommittal.
You visited 2 branches of the dungeon, and saw 7 of its levels.

You collected 437 gold pieces.

Inventory:

Hand Weapons
 m - a +5 dire flail of freezing (weapon)
 t - a +2 war axe of freezing
 E - a +3 battleaxe
Missiles
 j - 2 throwing nets
Armour
 c - a +0 buckler (worn)
 p - a +0 chain mail (worn)
 s - a +2 ring mail of cold resistance
 D - the +0 pair of gloves of Distant Worlds (worn) {rElec rN+}
   (You found it on level 5 of the Dungeon)

   rElec:     It insulates you from electricity.
   rN+:       It protects you from negative energy.
Jewellery
 h - a ring of flight (left hand)
 n - a ring of magical power
 y - a ring of ice
 A - a +4 ring of protection (right hand)
 B - a ring of positive energy
 F - a ring of resist corrosion
Wands
 u - a wand of paralysis (19)
Scrolls
 a - a scroll of revelation {unknown}
 b - a scroll of silence {unknown}
 g - 2 scrolls of fog {unknown}
 i - 6 scrolls of identify {unknown}
 r - 4 scrolls of enchant armour {unknown}
 v - a scroll of vulnerability {unknown}
 w - a scroll of teleportation {unknown}
 x - 2 scrolls of blinking {unknown}
 z - a scroll of enchant weapon {unknown}
 C - 2 scrolls of noise {unknown}
Potions
 d - 2 potions of might
 e - a potion of heal wounds
 f - a potion of enlightenment {unknown}
 k - 3 potions of curing {unknown}
 l - a potion of magic {unknown}
 o - 2 potions of degeneration {unknown}
 q - 2 potions of mutation {unknown}
 G - a potion of resistance


   Skills:
 * Level 8.2 Fighting
 - Level 7.0 Axes
 * Level 0.0(4.2) Maces & Flails
 + Level 6.1 Armour
 + Level 7.4 Shields
 + Level 2.9 Invocations


You had 8 spell levels left.
You didn't know any spells.
Your spell library contained the following spells:

 Spells                   Type           Power      Damage    Failure   Level
 Sandblast                Erth           0%         2d4       94%         1
 Passwall                 Tmut/Erth      0%         N/A       98%         2
 Stone Arrow              Conj/Erth      0%         3d7       100%        3
 Brom's Barrelling Bould  Conj/Erth      0%         2d3       100%        4
 Leda's Liquefaction      Tmut/Erth      0%         N/A       100%        4
 Lee's Rapid Deconstruct  Erth           0%         3d4*      100%        5
 Bombard                  Conj/Erth      0%         9d1       100%        6


Dungeon Overview and Level Annotations

Branches:
Dungeon (6/15)             Temple (1/1) D:5

Altars:
Cheibriados
Dithmenos
Elyvilon
Fedhas
Gozag
Hepliaklqana
Kikubaaqudgha
Nemelex Xobeh
Okawaru
Ru
Sif Muna
Trog
Uskayaw
Vehumet
Wu Jian
Xom
Yredelemnul
Zin
The Shining One

Shops:
D:3 =


Innate Abilities, Weirdness & Mutations

You cannot be hasted, slowed, berserked, paralysed or teleported.
You can dig through walls and to a lower floor.
You have a pair of large antennae on your head. (SInv)
Your four strong arms can wield two-handed weapons with a shield.


Message History

You enter the transporter and appear at another place.
* * * LOW HITPOINT WARNING * * *
You feel very sick.
The ogre zombie hits you with a +0 giant club of venom!
* * * LOW HITPOINT WARNING * * *
The orc warrior zombie hits you with a +1 hand axe of venom.
* * * LOW HITPOINT WARNING * * *
You are more poisoned.
Unknown command.
It was a potion of heal wounds.
You feel much better.
* * * LOW HITPOINT WARNING * * *
You feel extremely sick.
* * * LOW HITPOINT WARNING * * *
You feel very sick.
The orc warrior zombie attacks as it pursues you!
The orc warrior zombie hits you with a +1 hand axe of venom!
* * * LOW HITPOINT WARNING * * *
You are more poisoned.
The ogre zombie closely misses you.
You feel much better.
You feel extremely sick.
The orc warrior zombie hits you but does no damage.
You are lethally poisoned!
You feel extremely sick.
The ogre zombie attacks as it pursues you!
The ogre zombie closely misses you.
* * * LOW HITPOINT WARNING * * *
You feel very sick.
The orc warrior zombie attacks as it pursues you!
The orc warrior zombie hits you with a +1 hand axe of venom.
* * * LOW HITPOINT WARNING * * *
You are more poisoned.
* * * LOW HITPOINT WARNING * * *
You feel very sick.
You feel very mighty all of a sudden.
* * * LOW HITPOINT WARNING * * *
You feel very sick.
The ogre zombie hits you with a +0 giant club of venom!!
You die...
Your body disappears without a glow.

...###...#.........# .. ##....#
... #....#...$)$...# .###......
...###..##.☼.$©(.○°# .#.......
.........########### ........
..............©..## #.......
..................# #.......
..........####..Z.# #.......
..##......# ###Z## #..<....
..#.###..## #@# ####.....
..#.......## #.####.###.##..8.(
..#...#........#...........#.....
......##..####..#...........).)..
.........####..##.#>.............
.##.##....#......................
.#........#.8....................
..##.##..........................
...#.#......8...8...[(...........


You could see an orc warrior zombie and an ogre zombie.

Vanquished Creatures
  The ghost of olddryhag the Conjurer, an amateur HuWn (D:3)
  A water moccasin (D:5)
  An ice beast (D:6)
  2 black bears
  A centaur (D:6)
  A phantom (D:5)
  5 scorpions
  10 wights
  A howler monkey (D:6)
  A jelly (D:3)
  2 hounds
  An orc priest (D:5)
  A sleepcap (D:4)
  5 iguanas
  An orc wizard (D:5)
  8 gnolls
  9 adders
  A white imp (D:6)
  3 dart slugs
  11 orcs
  10 ball pythons
  5 endoplasms
  4 giant cockroaches
  4 goblins
  7 hobgoblins
  7 jackals (D:1)
  6 quokkas
  7 bats
  6 frilled lizards
  10 kobolds
  9 rats
141 creatures vanquished.

Notes
Turn   | Place    | Note
-------+----------+-------------------------------------------
     0 | D:1      | greenreed the Formicid Fighter began the quest for the Orb.
     0 | D:1      | Reached XP level 1. HP: 18/18 MP: 1/1
    16 | D:1      | Reached XP level 2. HP: 16/24 MP: 2/2
   372 | D:1      | Reached XP level 3. HP: 22/30 MP: 3/3
   542 | D:1      | Found a faded altar of an unknown god.
   680 | D:2      | Reached skill level 4 in Fighting
   681 | D:2      | Reached XP level 4. HP: 13/37 MP: 4/4
  1331 | D:2      | Reached XP level 5. HP: 43/43 MP: 5/5
  1732 | D:3      | Reached skill level 5 in Fighting
  1732 | D:3      | Reached skill level 5 in Shields
  1732 | D:3      | Reached XP level 6. HP: 14/51 MP: 6/6
  1964 | D:3      | Found a runed translucent gate.
  1966 | D:3      | Found a runed translucent gate.
  1968 | D:3      | Noticed olddryhag's ghost (amateur HuWn)
  1969 | D:3      | Found a runed translucent gate.
  1988 | D:3      | Killed olddryhag's ghost
  1989 | D:3      | Reached XP level 7. HP: 22/57 MP: 7/7
  2194 | D:3      | Reached skill level 6 in Fighting
  2340 | D:3      | Found Dupher's Jewellery Boutique.
  2440 | D:4      | Reached skill level 5 in Axes
  2519 | D:4      | Reached XP level 8. HP: 50/65 MP: 8/8
  2738 | D:4      | Reached skill level 5 in Armour
  3342 | D:5      | Entered Level 5 of the Dungeon
  3365 | D:5      | Found an opulent altar of Gozag.
  3672 | D:5      | Reached skill level 7 in Fighting
  3758 | D:5      | Identified the +0 pair of gloves of Distant Worlds {rElec
                  | rN+}
  3829 | D:5      | Found a staircase to the Ecumenical Temple.
  3838 | Temple   | Entered the Ecumenical Temple
  3848 | Temple   | Became a worshipper of Nemelex Xobeh the Trickster
  4452 | D:6      | Reached skill level 1 in Invocations
  4624 | D:6      | Reached XP level 9. HP: 72/72 MP: 10/10
  4774 | D:5      | Reached skill level 8 in Fighting
  4991 | D:6      | Found a transporter.
  5021 | D:6      | Found a transporter.
  5055 | D:6      | Demolished by an ogre zombie

Illustrated notes

Levels and vault maps discovered:
D:1:      onia_arrival_handbag, layout_basic,
          hellmonk_ecumenical_altar_dog_temple, serial_bayou_lake_a
D:2:      layout_loops_ring, minmay_joined_circles
D:3:      layout_basic, gammafunk_ghost_split, serial_shops, shop,
          minmay_cut_off
D:4:      layout_loops_ring
D:5:      layout_basic, grunt_gozag_breadcrumbs, lemuel_temple_firewalk_b
D:6:      gammafunk_cloud_chamber, layout_cave_pools, serial_column_ruins,
          column_ruins_corridor_dead_end, column_ruins_grid_3,
          column_ruins_columns_corner, column_ruins_open_medium,
          column_ruins_columns_straight
Temple:   regret_index_temple_chain_breaker

Skill      XL: |  1  2  3  4  5  6  7  8  9 |
---------------+----------------------------+-----
Fighting       | 4 5 6 7 8 |  8.2
Axes           | 3 4 5 6 7 |  7.0
Armour         | 4 5 6 |  6.1
Shields        | 5 6 7 |  7.4
Invocations    | 1 2 |  2.9

Action                     |  1- 3 |  4- 6 |  7- 9 || total
---------------------------+-------+-------+-------++-------
  Melee: War axe           |    57 |   116 |   190 ||   363
         Dire flail        |       |       |     3 ||     3
    Use: Potion            |       |       |     3 ||     3
 Armour: Scale mail        |    57 |    26 |       ||    83
         Chain mail        |       |    57 |   191 ||   248
  Dodge: Dodged            |    34 |    46 |    86 ||   166
  Block: Buckler           |    22 |    33 |    62 ||   117

Table legend: (Time is in decaauts)
 A = Elapsed time spent in this place.
 B = Non-inter-level travel time spent in this place.
 C = Inter-level travel time spent in this place.
 D = Time resting spent in this place.
 E = Time spent auto-exploring this place.
 F = Levels seen in this place.
 G = Mean time per level.
                   A        B        C        D        E       F      G
               +--------+--------+--------+--------+--------+-----+--------+
         Total |   5188 |   4981 |    207 |    612 |   3356 |   7 |  741.1 |
       Dungeon |   5167 |   4978 |    189 |    612 |   3356 |   6 |  861.2 |
        Temple |     20 |      2 |     18 |      0 |      0 |   1 |   20.0 |
               +--------+--------+--------+--------+--------+-----+--------+

Top non-repeatable levels by time:
     D:5: 1429 daAuts
     D:4: 958 daAuts
     D:2: 884 daAuts
     D:1: 814 daAuts
     D:3: 792 daAuts
     D:6: 289 daAuts
  Temple: 20 daAuts
